 Dungeon Crawl Stone Soup version 0.15.0-16-gce31824 (webtiles) character file.

193 MDvedh the Chopper (level 5, 0/42 HPs)
             Began as a Hill Orc Death Knight on Sept 6, 2014.
             Was a Believer of Yredelemnul.
             Slain by a gnoll
             ... wielding a +0 halberd
              (5 damage)
             ... on Level 4 of the Dungeon.
             The game lasted 00:03:46 (2582 turns).

MDvedh the Chopper (Hill Orc Death Knight)          Turns: 2582, Time: 00:03:46

HP   0/42        AC  8     Str 22      XL: 5   Next: 72%
MP   8/8         EV  7     Int 11      God: Yredelemnul [**....]
Gold 161         SH  0     Dex 10      Spells:  0 memorised,  4 levels left

rFire  . . .     SeeInvis .     a - +1 hand axe
rCold  . . .     Clarity  .     p - +0 chain mail
rNeg   . . .     rCorr    .     (no shield)
rPois  .         rRot     .     (no helmet)
rElec  .         Spirit   .     (no cloak)
SustAb .         Warding  .     (no gloves)
rMut   .         Stasis   .     (no boots)
Gourm  .                        (no amulet)
MR     .....                    (no ring)
                                f - +5 ring of strength

@: injury mirror, invisible, not resistant to hostile enchantments, extremely
unstealthy
A: no striking features
a: Animate Remains, Recall Undead Slaves, Injury Mirror, Renounce Religion


You were on level 4 of the Dungeon.
You worshipped Yredelemnul.
Yredelemnul was pleased with you.
You were hungry.

You visited 1 branch of the dungeon, and saw 4 of its levels.

You collected 161 gold pieces.

Inventory:

Hand weapons
 a - a +1 hand axe (weapon)
Armour
 p - a +0 chain mail (worn)
Comestibles
 k - 3 royal jellies
Scrolls
 b - 2 scrolls of blinking {unknown}
 c - a scroll of random uselessness {unknown}
 d - 2 scrolls of amnesia
 e - a scroll of remove curse
 m - a scroll of magic mapping {unknown}
 n - a scroll of noise {unknown}
 q - a scroll of fear {unknown}
 u - a scroll of enchant armour {unknown}
Jewellery
 f - a +5 ring of strength (left hand)
Potions
 g - a potion of might {unknown}
 h - 2 potions of flight {unknown}
 i - a potion of invisibility
 j - a potion of heal wounds {unknown}
 l - a potion of agility {unknown}
 o - a potion of curing {unknown}
 r - a potion of poison {unknown}
 s - a potion of berserk rage {unknown}
 t - 2 potions of lignification {unknown}


   Skills:
 - Level 2.4 Fighting
 + Level 7.6 Axes
 - Level 1.1 Armour
 - Level 0.7 Dodging
 - Level 3.6 Invocations


You had 4 spell levels left.
You didn't know any spells.

Dungeon Overview and Level Annotations

Branches:
Dungeon (4/15)
 Temple: D:4-7

Altars:
Elyvilon
The Shining One


Message History

Yredelemnul accepts your kill.
You closely miss the gnoll.
The gnoll is severely wounded.
The gnoll hits you but does no damage.
The gnoll hits you from afar with a halberd.
* * * LOW HITPOINT WARNING * * *
Yredelemnul mirrors your injury!
The gnoll is moderately wounded.
The gnoll hits you.
* * * LOW HITPOINT WARNING * * *
Yredelemnul mirrors your injury!
The gnoll is almost dead.
Unknown command.
Drink which item? (? for menu, Esc to quit)
You fade into invisibility!
It was a potion of invisibility.
The gnoll closely misses you. The orc closely misses you.
The gnoll hits you but does no damage.
The gnoll hits you from afar with a halberd.
You die...
Your body rises from the dead as a mindless zombie.

####. #.# . #.# #
#%# #.#
#######.#######.#
..........(o.......
#######.#.#####.##
#.((........
###@g####.## #go#
#g.# #... .#... .
#..# . ..# .. #.# .


You could see an orc wizard, 3 gnolls and an orc.

Vanquished Creatures
  The ghost of inmateoo the Skirmisher, an average VSWn (D:3)
  Jessica (D:2)
  3 adders
  A gnoll (D:4)
  A worm (D:3)
  A giant gecko (D:3)
  3 orcs (D:4)
  A ball python (D:2)
  3 giant cockroaches
  4 goblins
  5 hobgoblins
  4 jackals (D:1)
  6 kobolds
  3 oozes
  3 quokkas
  9 bats
  3 giant newts
  5 rats
57 creatures vanquished.

Notes
Turn   | Place    | Note
--------------------------------------------------------------
     0 | D:1      | MDvedh, the Hill Orc Death Knight, began the quest for the Orb.
     0 | D:1      | Reached XP level 1. HP: 18/18 MP: 2/2
   192 | D:1      | Reached XP level 2. HP: 22/25 MP: 4/4
   242 | D:1      | Reached skill level 4 in Axes
   767 | D:2      | Found a glowing golden altar of the Shining One.
   821 | D:2      | Noticed Jessica
   837 | D:2      | Killed Jessica
   837 | D:2      | Reached XP level 3. HP: 28/30 MP: 5/5
   885 | D:2      | Reached skill level 5 in Axes
  1061 | D:2      | Reached XP level 4. HP: 19/37 MP: 7/7
  1701 | D:3      | Acquired Yredelemnul's second power
  1825 | D:3      | Noticed inmateoo's ghost (average VSWn)
  1847 | D:3      | Killed inmateoo's ghost
  1847 | D:3      | Reached skill level 7 in Axes
  1847 | D:3      | Reached XP level 5. HP: 35/42 MP: 8/8
  1854 | D:3      | Found a white marble altar of Elyvilon.
  2582 | D:4      | Slain by a gnoll

Action                   |  1- 3 |  4- 6 || total
-------------------------+-------+-------++-------
Melee: Hand axe          |    72 |   147 ||   219
Invok: Injury Mirror     |       |     2 ||     2
  Use: Scroll            |       |     2 ||     2
       Potion            |       |     1 ||     1
  Eat: Meat ration       |       |     1 ||     1
